 Seeded DCSS version 0.31-a0-1447-g87ca8d402b (webtiles) character file.

Game seed: 16090307882996012164 (custom seed)

52 thriggle the Trooper (level 3, 0/29 HPs)
             Began as a Mummy Monk on Dec 28, 2023.
             Slain by a worm (8 damage)
             ... on level 1 of the Dungeon.
             The game lasted 00:03:38 (538 turns).

thriggle the Trooper (Mummy Monk)                    Turns: 538, Time: 00:03:38

Health: 0/29       AC:  2    Str: 16    XL:     3   Next: 60%
Magic:  3/3        EV: 12    Int:  9    God:
Gold:   74         SH:  0    Dex: 14    Spells: 2/2 levels left

rFire   x . .        g - +0 trident
rCold   + . .        c - orb {light}
rNeg    + + +        b - +0 robe
rPois   ∞            (no helmet)
rElec   .            (no cloak)
rCorr   .            (no gloves)
SInv    .            (no boots)
Will    .....        (no amulet)
Stlth   +            (no ring)
HPRegen 0.24/turn    (no ring)
MPRegen 0.08/turn

%: faith
@: glowing
A: cold resistance 1, negative energy resistance 3, torment resistance 2, heat
vulnerability 1, in touch with death 1, no potions, faith
a: no special abilities


You were on level 1 of the Dungeon.
You visited 1 branch of the dungeon, and saw 2 of its levels.

You collected 74 gold pieces.

Inventory:

Hand Weapons
 a - a +0 spear
 g - a +0 trident (weapon)
Missiles
 d - 3 atropa-tipped darts
 f - 8 stones
Armour
 b - a +0 robe (worn)
 c - an orb of light (worn)
Scrolls
 e - 6 scrolls of identify {unknown}


   Skills:
 + Level 3.3 Fighting
 + Level 2.7 Polearms
 + Level 0.9 Throwing
 + Level 0.9 Armour
 + Level 2.6 Dodging
 + Level 0.8 Stealth


You had 2 spell levels left.
You didn't know any spells.
Your spell library was empty.

Dungeon Overview and Level Annotations

Branches:
Dungeon (2/15)

Altars:


Innate Abilities, Weirdness & Mutations

You are immune to poison.
Your flesh is cold resistant. (rC+)
You are immune to negative energy. (rN+++)
You are immune to unholy pain and torment.
You are vulnerable to heat. (rF-)
You are in touch with the powers of death.
You do not drink.
You have a special connection with the divine. (Faith)


Message History

The worm is heavily wounded.
The worm bites you.
* * * LOW HITPOINT WARNING * * *
The worm attacks as it pursues you! The worm barely misses you.
You see here a bat corpse.
Reach: g) +0 trident
Press: ? - help, Dir - move target, f - you, p - worm
Okay, then.
You see here an atropa-tipped dart.
d - 4 atropa-tipped darts (gained 1) Throw: 4 darts (atropa)
Press: ? - help, Shift-Dir - straight line, f/p - worm
Aim: a worm (lightly wounded, haloed, 97% to hit, chance to blind on hit: 61%)
You throw an atropa-tipped dart. The atropa-tipped dart hits the worm.
The worm appears confused.
The worm is lightly wounded.
The worm seems less confused.
Reach: g) +0 trident
Press: ? - help, Dir - move target, f/p - worm
Aim: a worm (blind, unable to see you, haloed, about 3% to evade your +0 trident)
You reach to attack!
You hit the worm.
The worm is moderately wounded.
Reach: g) +0 trident
Press: ? - help, Dir - move target, f/p - worm
Aim: a worm (lightly wounded, blind, unable to see you, haloed, about 3% to evade your +0 trident)
You reach to attack!
You hit the worm.
The worm is heavily wounded.
The worm is no longer blind.
Reach: g) +0 trident
Press: ? - help, Dir - move target, f/p - worm
Aim: a worm (moderately wounded, haloed, about 3% to evade your +0 trident)
You reach to attack!
You hit the worm.
The worm is moderately wounded.
Reach: g) +0 trident
Press: ? - help, Dir - move target, f/p - worm
Aim: a worm (moderately wounded, haloed, about 3% to evade your +0 trident)
You reach to attack!
You hit the worm.
The worm is moderately wounded.
The worm attacks as it pursues you! The worm bites you!
You die...

..##...##...............)......##
#####..##........#....).........#
# #..##........#............... #
#..##........#...!.......##.. #
#...)........÷...............
#########......).....†.>....÷....
..................###)######.....
#########.............#### ######
# #.......@w.......### #
#........##....†(..##### #
###############........#
##.......# #.......# #########


You could see a worm.

Vanquished Creatures
  2 adders (D:1)
  3 endoplasms (D:1)
  A giant cockroach (D:1)
  2 goblins (D:1)
  3 hobgoblins (D:1)
  6 jackals (D:1)
  A quokka (D:1)
  4 ball pythons (D:1)
  4 bats (D:1)
  2 frilled lizards (D:1)
  2 kobolds (D:1)
  A rat (D:1)
31 creatures vanquished.

Notes
Turn   | Place    | Note
-------+----------+-------------------------------------------
     0 | D:1      | thriggle the Mummy Monk began the quest for the Orb.
     0 | D:1      | Reached XP level 1. HP: 18/18 MP: 1/1
    83 | D:1      | Reached XP level 2. HP: 24/24 MP: 2/2
   310 | D:1      | Reached XP level 3. HP: 29/29 MP: 3/3
   503 | D:1      | HP: 1/29 [worm (8)]
   538 | D:1      | Slain by a worm

Illustrated notes

Levels and vault maps discovered:
D:1:      minmay_arrival_arboretum_small, layout_rooms
D:2:      wander_river, layout_basic, shapermc_ecumenical_altar_mp_highgroup,
          serial_shops, nicolae_shop_gaudy_bauble, basic_altar,
          grunt_ministairs_3

Action                     || total
---------------------------++-------
  Melee: Spear             ||    40
         Trident           ||    62
  Throw: Dart              ||     2
 Armour: Robe              ||    69
  Dodge: Dodged            ||   109

Table legend: (Time is in decaauts)
 A = Elapsed time spent in this place.
 B = Non-inter-level travel time spent in this place.
 C = Inter-level travel time spent in this place.
 D = Time resting spent in this place.
 E = Time spent auto-exploring this place.
 F = Levels seen in this place.
 G = Mean time per level.
                   A        B        C        D        E       F      G
               +--------+--------+--------+--------+--------+-----+--------+
         Total |    548 |    540 |      8 |      0 |    201 |   2 |  274.0 |
       Dungeon |    548 |    540 |      8 |      0 |    201 |   2 |  274.0 |
               +--------+--------+--------+--------+--------+-----+--------+

Top non-repeatable levels by time:
     D:1: 542 daAuts
     D:2: 5 daAuts
